Match 47531616
Unlisted

Match 47531616
End
Construct Weapon Support Center
Selects Special Operations Battlegroup
Selects M29 Weasel Recon Vehicle
M29 Weasel Recon Vehicle
M1919 Machine Gun Team
Bazooka Squad
M1919 Machine Gun Team
Engineer Squad
Infantry Support Center
Construct Motor Pool
M1 Anti-tank Gun Team
M8 Greyhound Armored Car
Selects Raiding Flares
Selects SSF Commando Squad
Raiding Flares
SSF Commando Squad
LW | MUERTE
Carecup
Colonel Phreeze
Qhunter
frostie
tillre
0
0

Comments sign in to comment!

No comments posted yet!